 Dungeon Crawl Stone Soup version 0.28.0-47-ge53b351184 (webtiles) character file.

Game seed: 939384628932524544

16282 firemarshallily the Frost Mage (level 12, -1/81 HPs)
             Began as a Merfolk Ice Elementalist on May 10, 2022.
             Was a High Priest of Kikubaaqudgha.
             Slain by a phantasmal warrior (14 damage)
             ... led by a death knight
             ... on level 12 of the Dungeon.
             The game lasted 01:47:26 (15685 turns).

firemarshallily the Frost Mage (MfIE)              Turns: 15685, Time: 01:47:27

Health: -1/81      AC: 24    Str:  5    XL:     12   Next: 35%
Magic:  7/35       EV: 17    Int: 22    God:    Kikubaaqudgha [*****.]
Gold:   487        SH:  0    Dex: 14    Spells: 2/31 levels left

rFire   . . .      SeeInvis +   k - +6 hunting sling of Disharmony {freeze, rC+ Str-3 SInv Stlth+}
rCold   + . .      Faith    .   (no shield)
rNeg    . . .      Spirit   .   L - +0 steam dragon scales
rPois   .          Reflect  .   Q - +2 hat
rElec   +          Harm     .   p - +2 cloak {Will+}
rCorr   .          Rampage  .   r - +2 pair of gloves
Will    .....                   D - +1 pair of boots
Stlth   +++.......              (no amulet)
HPRegen 0.23/turn               b - +4 ring of evasion
MPRegen 0.24/turn               w - ring of magical power

@: ice-armoured, weak-willed, freezing walls, hasted and slowed
A: (nimble swimmer 2), mertail, clever 1, robust 1, electricity resistance
a: Renounce Religion, Receive Corpses, Torment


You were on level 12 of the Dungeon.
You worshipped Kikubaaqudgha.
Kikubaaqudgha was extremely pleased with you.
You visited 1 branch of the dungeon, and saw 12 of its levels.
You also visited: Ossuary.

You collected 487 gold pieces.

Inventory:

Hand Weapons
 d - a +1 vampiric dagger
 k - the +6 hunting sling of Disharmony (weapon) {freeze, rC+ Str-3 SInv Stlth+}
   (You found it on level 2 of the Dungeon)

   Any ammunition fired from it freezes those it strikes, dealing additional
   cold damage.
   It can also slow down cold-blooded creatures.
   Str:       It affects your strength (-3).
   rC:        It protects you from cold.
   SInv:      It lets you see invisible.
   Stlth:     It makes you more stealthy.
 C - the +4 dagger of Raebugukk {vamp, Drain rC+ Str+6}
   (You found it on level 7 of the Dungeon)

   It occasionally heals its wielder for a portion of the damage dealt when it
   wounds a living foe.
   Str:       It affects your strength (+6).
   rC:        It protects you from cold.
   Drain:     It drains your maximum health when unequipped.
Missiles
 f - 192 stones
 x - 100 sling bullets (quivered ammo)
 A - a curare-tipped dart
 H - 18 poisoned darts
 O - 3 silver boomerangs (quivered)
Armour
 a - an orb of light
 p - a +2 cloak of willpower (worn)
 r - a +2 pair of gloves (worn)
 D - a +1 pair of boots (worn)
 F - a +0 buckler
 G - +0 acid dragon scales
 L - +0 steam dragon scales (worn)
 N - a +0 troll leather armour
 Q - a +2 hat (worn)
Jewellery
 b - a +4 ring of evasion (left hand)
 m - a ring of flight
 n - an amulet of guardian spirit
 w - a ring of magical power (right hand)
 J - a ring of fire
 M - a +6 ring of strength
Wands
 t - a wand of iceblast (12)
 B - a wand of paralysis (11)
 I - a wand of digging (9)
 K - a wand of mindburst (5)
Scrolls
 c - a scroll of magic mapping
 h - 4 scrolls of teleportation
 o - 3 scrolls of immolation
 u - a scroll of acquirement {unknown}
 v - a scroll of blinking
 y - 2 scrolls of silence
 E - a scroll of fear
 P - a scroll of identify
 R - a scroll of amnesia
Potions
 e - 5 potions of might
 g - 2 potions of brilliance
 i - 2 potions of haste
 j - 2 potions of curing
 l - a potion of berserk rage {unknown}
 q - 5 potions of mutation
 z - 2 potions of resistance {unknown}


   Skills:
 - Level 3.0 Dodging
 - Level 2.1 Stealth
 * Level 10.4 Spellcasting
 - Level 5.0 Conjurations
 * Level 9.0 Necromancy
 * Level 12.8 Ice Magic


You had 2 spell levels left.
You knew the following spells:

 Your Spells              Type           Power      Damage    Failure   Level
a - Freeze                Ice            100%       1d11      1%          1
b - Frozen Ramparts       Ice            100%       1d12      1%          3
c - Ozocubu's Armour      Ice            61%        N/A       1%          3
d - Animate Skeleton      Necr           100%       N/A       1%          1
e - Magic Dart            Conj           100%       1d8       1%          1
f - Hailstorm             Conj/Ice       50%        3d11      1%          4
g - Vampiric Draining     Necr           50%        2d9       1%          3
h - Call Imp              Summ           11%        N/A       9%          2
i - Slow                  Hex            44%        N/A       6%          1
j - Simulacrum            Ice/Necr       28%        N/A       10%         6
k - Animate Dead          Necr           25%        N/A       1%          4

Your spell library contained the following spells:

 Spells                   Type           Power      Damage    Failure   Level
 Pain                     Necr           100%       1d9       1%          1
 Corpse Rot               Necr/Air       62%        N/A       1%          2
 Excruciating Wounds      Necr           25%        N/A       4%          5
 Mephitic Cloud           Conj/Pois/Air  18%        N/A       9%          3
 Anguish                  Hex/Necr       15%        N/A       9%          4
 Confusing Touch          Hex            11%        N/A       17%         3
 Inner Flame              Hex/Fire       11%        N/A       17%         3
 Death Channel            Necr           25%        N/A       22%         6
 Cause Fear               Hex            5%         N/A       50%         4
 Discord                  Hex            5%         N/A       100%        8


Dungeon Overview and Level Annotations

Branches:
Dungeon (12/15)            Temple (0/1) D:7            Lair (0/6) D:9
    Orc (0/2) D:9         Ossuary (visited)

Altars:
Ashenzari
Fedhas
Hepliaklqana
Kikubaaqudgha
Trog
Uskayaw
Vehumet
Wu Jian
The Shining One

Shops:
D:6 *   D:7 *

Annotations:
D:12 exclusion: phantasmal warrior


Innate Abilities, Weirdness & Mutations

((You are very nimble when in or above water. (Stealth+, EV+, Speed+++)))
Your lower body shifts to a powerful aquatic tail in water.
Your mind is acute. (Int +2)
You are robust. (+10% HP)
You are resistant to electric shocks. (rElec)


Message History

The silver boomerang hits the freezing wraith but does no damage.
The freezing wraith is moderately damaged.
The freezing wraith completely resists.
The wall freezes the freezing wraith but does no damage.
The freezing wraith hits you but does no damage.
The freezing wraith closely misses you.
The wraith resists.
The wall freezes the wraith.
The phantasmal warrior resists.
The wall freezes the phantasmal warrior.
The phantasmal warrior hits you but does no damage.
The freezing wraith completely resists.
The wall freezes the freezing wraith but does no damage.
The freezing wraith hits you but does no damage.
The freezing wraith barely misses you.
Throw: 3 boomerangs (silver)
Press: ? - help, Q - select action, (/) - cycle Shift-Dir - straight line, f/p - freezing wraith
Aim: a freezing wraith (moderately damaged, 57% to hit)
You throw a silver boomerang.
The silver boomerang completely misses the freezing wraith.
The silver boomerang closely misses the wraith.
The wraith completely resists.
The wall freezes the wraith but does no damage.
The phantasmal warrior resists.
The wall freezes the phantasmal warrior.
The phantasmal warrior hits you!!
* * * LOW HITPOINT WARNING * * *
Your willpower is stripped away!
The freezing wraith completely resists.
The wall freezes the freezing wraith but does no damage.
The freezing wraith hits you!
* * * LOW HITPOINT WARNING * * *
The freezing wraith freezes you! You resist.
* * * LOW HITPOINT WARNING * * *
The freezing wraith barely misses you.
You feel better.
The wraith resists.
The wall freezes the wraith.
You destroy the wraith!
Kikubaaqudgha accepts your kill.
The phantasmal warrior resists.
The wall freezes the phantasmal warrior.
The phantasmal warrior hits you!
You die...
Kikubaaqudgha rasps: "You have failed me!
Welcome... death!"

#..########
#####################..........
........)........[.............
#####.........................
#..####################### #..#
########..#
..........############## ######
...........(...W@W)....( W.....
..###################### ######
###................#
#................#
#..≈≈≈≈....≈≈≈≈..#
#..≈≈≈≈....≈≈≈≈..#
#..≈≈≈≈....≈≈≈≈..##############
###..≈≈≈≈....≈≈≈≈..#.............
..#................#.............


You could see a phantasmal warrior and a freezing wraith.

Vanquished Creatures
  Azrael (D:12)
  A boulder beetle (D:11)
  3 two-headed ogres
  A death knight (D:12)
  Pikel (D:6)
  A phantasmal warrior (D:12)
  2 ugly things
  3 cyclopes
  A gargoyle (D:12)
  An unseen horror (D:11)
  A komodo dragon (D:9)
  3 trolls (D:11)
  A hornet (D:8)
  4 slime creatures (D:12)
  A shadow (D:6)
  4 wraiths
  A wyvern (D:9)
  10 yaks
  4 fire elementals (D:12)
  2 vampire mosquitoes (D:12)
  2 steam dragons (D:9)
  3 acid dragons
  3 hell hounds (D:12)
  A water moccasin (D:6)
  3 sky beasts
  3 ice beasts
  3 orc warriors
  4 centaurs
  A necrophage (D:6)
  3 ogres
  A bullfrog (D:9)
  3 kobold brigands
  A wyvern zombie (D:8)
  3 scorpions
  2 gnoll sergeants
  A water moccasin zombie (Ossuary)
  8 wights
  3 killer bees (D:11)
  3 howler monkeys (D:7)
  A centaur zombie (D:7)
  2 jellies
  3 orc priests
  A hound (D:5)
  A bullfrog skeleton (D:7)
  2 iguanas (D:6)
  6 orc wizards
  A killer bee zombie (D:8)
  A hound zombie (D:5)
  A hound skeleton (D:4)
  2 mummies (Ossuary)
  3 howler monkey zombies
  6 gnolls
  A howler monkey skeleton (D:3)
  6 adders
  An ufetubus (D:6)
  3 adder zombies (Ossuary)
  A dart slug (D:4)
  22 orcs
  4 bats
  7 endoplasms
  5 giant cockroaches
  5 gnoll zombies (Ossuary)
  7 goblins
  3 hobgoblins
  2 jackals (D:3)
  21 kobolds
  2 quokkas
  7 ball pythons
  2 frilled lizards
  6 hobgoblin zombies (Ossuary)
  6 kobold zombies (Ossuary)
  10 orc zombies (Ossuary)
  5 rats
253 creatures vanquished.

Vanquished Creatures (collateral kills)
  A wight (D:10)
  A centaur zombie (D:8)
  A centaur skeleton (D:7)
3 creatures vanquished.

Vanquished Creatures (others)
  6 fungi (D:9)
  4 plants
10 creatures vanquished.

Grand Total: 266 creatures vanquished

Notes
Turn   | Place    | Note
-------+----------+-------------------------------------------
     0 | D:1      | firemarshallily the Merfolk Ice Elementalist began the
                  | quest for the Orb.
     0 | D:1      | Reached XP level 1. HP: 13/13 MP: 3/3
   210 | D:1      | Found a faded altar of an unknown god.
   218 | D:1      | Prayed at the altar of an unknown god.
   218 | D:1      | Became a worshipper of Kikubaaqudgha
   218 | D:1      | Reached * piety under Kikubaaqudgha
   218 | D:1      | Received a gift from Kikubaaqudgha
   403 | D:1      | Reached XP level 2. HP: 19/19 MP: 3/5
  1148 | D:2      | Reached XP level 3. HP: 24/24 MP: 1/6
  1268 | D:2      | Found a broken altar of Ashenzari.
  1321 | D:2      | Reached skill level 5 in Ice Magic
  1987 | D:2      | Identified the +6 hunting sling of Disharmony {freeze, rC+
                  | Str-3 SInv Stlth+}
  2258 | D:3      | Reached XP level 4. HP: 30/30 MP: 6/8
  2360 | D:3      | Learned a level 3 spell: Frozen Ramparts
  2364 | D:3      | Learned a level 3 spell: Ozocubu's Armour
  2366 | D:3      | Learned a level 1 spell: Animate Skeleton
  2431 | D:3      | Reached ** piety under Kikubaaqudgha
  2641 | D:3      | Found a bloodstained altar of Trog.
  2799 | D:3      | Reached skill level 1 in Necromancy
  3063 | D:4      | Noticed a scorpion
  3068 | D:4      | Killed a scorpion
  3069 | D:4      | Reached XP level 5. HP: 32/35 MP: 1/10
  3169 | D:4      | Reached skill level 1 in Conjurations
  3201 | D:4      | Noticed a sky beast
  3208 | D:4      | Killed a sky beast
  3209 | D:4      | Reached skill level 6 in Ice Magic
  3209 | D:4      | Reached XP level 6. HP: 41/41 MP: 1/11
  3482 | D:4      | Reached *** piety under Kikubaaqudgha
  3482 | D:4      | Received a gift from Kikubaaqudgha
  3891 | D:5      | Entered Level 5 of the Dungeon
  3910 | D:5      | Reached XP level 7. HP: 46/46 MP: 5/13
  4123 | D:5      | Found a glowing golden altar of the Shining One.
  4719 | D:5      | Learned a level 1 spell: Magic Dart
  5304 | D:6      | Found a blossoming altar of Fedhas.
  5456 | D:6      | Found a sand-covered staircase.
  5511 | Ossuary  | Entered an ossuary
  6030 | Ossuary  | Reached **** piety under Kikubaaqudgha
  6112 | Ossuary  | Reached XP level 8. HP: 52/52 MP: 9/15
  6203 | D:6      | Noticed a shadow
  6234 | D:6      | Killed a shadow
  6235 | D:6      | Reached skill level 5 in Spellcasting
  6235 | D:6      | Reached skill level 7 in Ice Magic
  6371 | D:6      | Noticed a +0 dagger
  6374 | D:6      | Noticed a +0 dagger
  6376 | D:6      | Found a hide-covered altar of Uskayaw.
  7193 | D:6      | Reached XP level 9. HP: 57/57 MP: 17/17
  7232 | D:6      | Noticed Pikel
  7242 | D:6      | Killed Pikel
  7243 | D:6      | Reached skill level 8 in Ice Magic
  7308 | D:6      | Found Wyuf's CLEARANCE SALE!.
  7948 | D:7      | Found Iqawnori's General Store.
  8109 | D:7      | Learned a level 4 spell: Hailstorm
  8113 | D:7      | Learned a level 3 spell: Vampiric Draining
  8116 | D:7      | Learned a level 2 spell: Call Imp
  8118 | D:7      | Learned a level 1 spell: Slow
  8218 | D:7      | Reached skill level 5 in Necromancy
  8228 | D:7      | Reached skill level 5 in Conjurations
  8298 | D:7      | Noticed a brown ugly thing
  8307 | D:7      | Killed a brown ugly thing
  8308 | D:7      | Reached skill level 9 in Ice Magic
  8308 | D:7      | Reached XP level 10. HP: 63/63 MP: 8/20
  8500 | D:7      | Identified the +4 dagger of Raebugukk {vamp, Drain rC+
                  | Str+6}
  8551 | D:7      | You fall into a shaft and drop 1 floor!
  8573 | D:8      | Gained mutation: Your mind is acute. (Int +2) [potion of
                  | mutation]
  8573 | D:8      | Gained mutation: You are robust. (+10% HP) [potion of
                  | mutation]
  8573 | D:8      | Gained mutation: You are resistant to electric shocks.
                  | (rElec) [potion of mutation]
  8629 | D:8      | Identified the +0 ring mail "Duzuv" {Str+2}
  9640 | D:7      | Found a staircase to the Ecumenical Temple.
 10270 | D:8      | Found a radiant altar of Vehumet.
 10555 | D:9      | Found a staircase to the Orcish Mines.
 10645 | D:9      | Reached skill level 10 in Ice Magic
 10800 | D:9      | Found a staircase to the Lair.
 11026 | D:9      | Found an ornate altar of the Wu Jian Council.
 11609 | D:9      | Reached ***** piety under Kikubaaqudgha
 12121 | D:10     | Entered Level 10 of the Dungeon
 12639 | D:10     | Found a hazy altar of Hepliaklqana.
 12692 | D:11     | Noticed an unseen horror
 12699 | D:11     | Reached XP level 11. HP: 74/74 MP: 14/23
 12853 | D:11     | Noticed a cyclops
 12878 | D:11     | Killed a cyclops
 12879 | D:11     | Reached skill level 11 in Ice Magic
 13013 | D:11     | Noticed a boulder beetle
 13027 | D:11     | Killed a boulder beetle
 13147 | D:11     | Noticed a two-headed ogre
 13159 | D:11     | Killed a two-headed ogre
 13257 | D:11     | Noticed a cyclops
 13271 | D:11     | Killed a cyclops
 13800 | D:10     | Noticed a two-headed ogre
 13800 | D:10     | Noticed a two-headed ogre
 13808 | D:10     | Killed a two-headed ogre
 13808 | D:10     | Killed a two-headed ogre
 14615 | D:12     | Noticed a cyclops
 14619 | D:12     | Killed a cyclops
 14620 | D:12     | Reached skill level 12 in Ice Magic
 14913 | D:12     | Learned a level 6 spell: Simulacrum
 14918 | D:12     | Learned a level 4 spell: Animate Dead
 15035 | D:12     | Noticed a phantasmal warrior
 15117 | D:12     | Noticed Azrael
 15127 | D:12     | Reached XP level 12. HP: 79/81 MP: 24/25
 15176 | D:12     | Reached skill level 10 in Spellcasting
 15179 | D:12     | Killed Azrael
 15670 | D:12     | Noticed a death knight
 15680 | D:12     | Killed a death knight
 15684 | D:12     | HP: 2/81 [freezing wraith[a death knight] (7)]
 15685 | D:12     | Slain by a phantasmal warrior

Illustrated notes

Levels and vault maps discovered:
D:1:      lightli_arrival_flooded_house, layout_loops_cross,
          shapermc_ecumenical_altar_gd
D:2:      layout_basic, basic_altar, minmay_quantized
D:3:      layout_basic, bloody_trog
D:4:      layout_basic
D:5:      layout_rooms, lemuel_tele_altar
D:6:      layout_loops_corners, dancing_weapons_uskayaw,
          nicolae_overflow_crystal_walls, nicolae_ossuary_entry_false_entrances,
          nicolae_shop_clearance, uniq_pikel
D:7:      layout_loops_ring, minmay_temple_entry_butterflies,
          nicolae_stop_n_shop_1
D:8:      layout_loops_cross, vehumet_crystals, minmay_diced_spiral
D:9:      kennysheep_steamy, layout_stronghold, nzn_wu_jian_council_hall,
          david_lair_shrubbed, orc_0_dummy
D:10:     layout_basic, kennysheep_mini, amcnicky_mini_pool_small
D:11:     layout_rooms
D:12:     layout_long_grid, serial_shops, shop, kennysheep_dice, uniq_psyche,
          uniq_azrael

Skill      XL: |  1  2  3  4  5  6  7  8  9 10 11 12 |
---------------+-------------------------------------+-----
Dodging        | 3 |  3.0
Ice Magic      | 5 6 7 9 10 12 | 12.8
Spellcasting   | 3 4 5 7 8 9 10 | 10.4
Necromancy     | 1 2 4 5 7 8 9 |  9.0
Conjurations   | 1 2 3 5 |  5.0
Stealth        | |  2.1

Action                   |  1- 3 |  4- 6 |  7- 9 | 10-12 || total
-------------------------+-------+-------+-------+-------++-------
Melee: Dagger            |    15 |       |   244 |       ||   259
       Punch             |       |       |     6 |       ||     6
 Fire: Hunting sling     |     3 |    74 |   119 |   145 ||   341
Throw: Stone             |     3 |       |       |       ||     3
       Dart              |       |       |       |     4 ||     4
       Boomerang         |       |       |       |     2 ||     2
 Cast: Freeze            |    32 |    18 |    56 |   102 ||   208
       Animate Skeleton  |       |     4 |     5 |     7 ||    16
       Frozen Ramparts   |       |     6 |    37 |    54 ||    97
       Ozocubu's Armour  |       |     4 |    26 |    37 ||    67
       Magic Dart        |       |       |     7 |    21 ||    28
       Hailstorm         |       |       |     5 |    68 ||    73
       Slow              |       |       |     1 |     2 ||     3
       Call Imp          |       |       |       |     7 ||     7
       Vampiric Draining |       |       |       |    12 ||    12
  Use: Scroll            |     5 |     3 |    10 |     8 ||    26
       Potion            |       |       |       |     6 ||     6
 Stab: Sleeping          |     2 |       |       |       ||     2
Armor: Robe              |     4 |     1 |   103 |    36 ||   144
       Steam dragon scal |       |       |       |    33 ||    33
Dodge: Dodged            |    28 |    11 |   277 |   177 ||   493
